 Dungeon Crawl Stone Soup version 0.19-a0-1899-g2d93087 (webtiles) character file.

100 Lochraine the Charmwright (level 4, 0/29 HPs)
             Began as a High Elf Skald on Oct 20, 2016.
             Slain by a quokka (4 damage)
             ... on level 2 of the Dungeon.
             The game lasted 00:06:25 (1988 turns).

Lochraine the Charmwright (High Elf Skald)          Turns: 1988, Time: 00:06:26

Health: 0/29       AC:  6    Str: 12    XL:     4   Next: 47%
Magic:  4/9        EV: 12    Int: 16    God:
Gold:   104        SH:  0    Dex: 14    Spells: 4 memorised, 1 level left

rFire  . . .     SeeInvis .     a - +0 falchion
rCold  . . .     Gourm    .     b - +0 leather armour
rNeg   . . .     Faith    .     (no shield)
rPois  .         Spirit   .     (no helmet)
rElec  .         Reflect  .     (no cloak)
rCorr  .         Harm     .     k - +2 pair of gloves
MR     .....                    (no boots)
Stlth  +.........               (no amulet)
                                (no ring)
                                (no ring)

@: no status effects
A: no striking features
a: no special abilities


You were on level 2 of the Dungeon.
You were not hungry.

You visited 1 branch of the dungeon, and saw 2 of its levels.

You collected 104 gold pieces.

Inventory:

Hand Weapons
 a - a +0 falchion (weapon)
 n - a +2 dagger of pain
Missiles
 m - 2 throwing nets (quivered)
Armour
 b - a +0 leather armour (worn)
 k - a +2 pair of gloves (worn)
Jewellery
 j - an uncursed ring of see invisible {unknown}
 l - a +3 ring of dexterity {unknown}
 s - a +3 ring of slaying {unknown}
 u - a cursed ring of teleportation {unknown}
Scrolls
 e - a scroll of remove curse {unknown}
 f - 4 scrolls of identify {unknown}
 i - a scroll of random uselessness {unknown}
 p - a scroll of recharging {unknown}
 t - a scroll of blinking {unknown}
Potions
 o - a potion of degeneration {unknown}
Books
 c - a book of Battle

   Spells                             Type                      Level
   a - Infusion                       Charms                       1
   b - Shroud of Golubria             Charms/Translocation         2
   c - Song of Slaying                Charms                       2
   d - Spectral Weapon                Hexes/Charms                 3
   e - Regeneration                   Charms/Necromancy            3
Comestibles
 d - 2 bread rations
 g - 2 beef jerkies
 h - a meat ration
 r - 3 fruits


   Skills:
 - Level 2.0 Fighting
 - Level 3.6 Long Blades
 - Level 0.8 Armour
 - Level 1.9 Dodging
 - Level 3.1 Spellcasting
 + Level 4.4 Charms
 + Level 0.1 Necromancy
 - Level 1.4 Translocations


You had one spell level left.
You knew the following spells:

 Your Spells              Type           Power        Failure   Level  Hunger
a - Infusion              Chrm           ###.         4%          1    None
b - Song of Slaying       Chrm           ###.....     8%          2    ##.....
c - Shroud of Golubria    Chrm/Tloc      ##........   12%         2    ##.....
d - Regeneration          Chrm/Necr      #.........   28%         3    ###....


Dungeon Overview and Level Annotations

Branches:
Dungeon (2/15)

Altars:
Ru


Message History

The worm is moderately wounded.
The worm closely misses you.
You riposte.
You slash the worm!
The worm is almost dead.
You hit the worm.
The worm is almost dead.
The worm bites you!
* * * LOW HITPOINT WARNING * * *
Your magical infusion is running out.
Fire/throw which item? (* to show all) (? for menu, Esc to quit)
Okay, then.
Unknown command.
You are no longer magically infusing your attacks.
You start resting.
Eating a chunk of flesh.
You start eating the chunk of flesh.
You continue eating. x2
You finish eating.
This raw flesh tastes terrible.
You see here a robe.
A quokka comes into view.
You hit the quokka but do no damage. The quokka bites you.
You die...

##....###.'#######'.#
#...(.###...........#
.....#..#...........#
#)......#.......#####
....##..##.....##
..####.........##
........#.......#
.####...........## .#
##.##......r@## .#
#..###..>..#..# .# #.##
##...###.##### .# #.#
##..##......# #####.#
##.###......# ......#
##...........# ......#
#..#.##......#
......####.##.#########
###...........#


You could see a quokka.

Vanquished Creatures
  An orc wizard (D:2)
  3 adders (D:2)
  A worm (D:2)
  A dart slug (D:2)
  4 leopard geckos
  A giant cockroach (D:2)
  4 goblins
  4 hobgoblins
  4 jackals (D:1)
  2 ball pythons (D:1)
  4 bats
  2 frilled lizards (D:1)
  2 kobolds
  6 rats
39 creatures vanquished.

Notes
Turn   | Place    | Note
-------+----------+-------------------------------------------
     0 | D:1      | Lochraine the High Elf Skald began the quest for the Orb.
     0 | D:1      | Reached XP level 1. HP: 14/14 MP: 4/4
   534 | D:1      | Reached skill level 4 in Charms
   536 | D:1      | Reached XP level 2. HP: 15/19 MP: 6/6
   977 | D:1      | Learned a level 2 spell: Song of Slaying
   980 | D:1      | Learned a level 2 spell: Shroud of Golubria
  1030 | D:2      | Found a sacrificial altar of Ru.
  1054 | D:2      | Reached XP level 3. HP: 20/24 MP: 2/8
  1139 | D:2      | Reached skill level 1 in Translocations
  1145 | D:2      | Reached XP level 4. HP: 13/29 MP: 9/9
  1801 | D:2      | Learned a level 3 spell: Regeneration
  1948 | D:2      | HP: 1/29 [worm (10)]
  1988 | D:2      | Slain by a quokka

Vault maps used:
D:1:      ncdulo_lavacross
D:2:      amethyst_overflow_temple_binary, first_bread,
          nicolae_ru_great_annihilating_truth

Skill      XL: |  1  2  3 |
---------------+----------+-----
Charms         | 4 |  4.4
Long Blades    | 3 |  3.6
Spellcasting   | 3 |  3.1
Translocations | 1 |  1.4
Fighting       | |  2.0
Armour         | |  0.8
Dodging        | |  1.9
Necromancy     | |  0.1

Action                   |  1- 3 |  4- 6 || total
-------------------------+-------+-------++-------
Melee: Falchion          |    86 |    34 ||   120
 Cast: Infusion          |     4 |     5 ||     9
       Song of Slaying   |       |     3 ||     3
       Regeneration      |       |     1 ||     1
 Stab: Paralysed         |     1 |       ||     1
       Sleeping          |     1 |       ||     1
  Eat: Chunk             |     1 |     3 ||     4
Armor: Leather armour    |    19 |     4 ||    23
Dodge: Dodged            |    54 |    17 ||    71
       Rpst.: Falchion   |    16 |     4 ||    20
